 Dungeon Crawl Stone Soup version 0.28.0-53-g5a82cb258f (webtiles) character file.

Game seed: 5485938864749034679

49 ghwc the Slasher (level 3, 0/22 HPs)
             Began as a Deep Elf Fighter on June 9, 2022.
             Was a Follower of Makhleb.
             Slain by an adder (1 damage)
             ... on level 3 of the Dungeon.
             The game lasted 00:01:29 (1670 turns).

ghwc the Slasher (Deep Elf Fighter)                 Turns: 1670, Time: 00:01:30

Health: 0/22       AC:  8    Str: 15    XL:     3   Next: 51%
Magic:  5/5        EV:  8    Int: 12    God:    Makhleb [*.....]
Gold:   84         SH:  4    Dex: 14    Spells: 2/2 levels left

rFire   . . .      SeeInvis .   a - +0 long sword
rCold   . . .      Faith    .   c - +0 buckler
rNeg    . . .      Spirit   .   b - +0 scale mail
rPois   .          Reflect  .   (no helmet)
rElec   .          Harm     .   (no cloak)
rCorr   .          Rampage  .   (no gloves)
Will    .....      Rage     1%  (no boots)
Stlth   ..........              (no amulet)
HPRegen 0.07/turn               (no ring)
MPRegen 0.09/turn               (no ring)

@: mighty, attractive
A: iridescent scales 1, berserk 1, wild magic 1
a: Renounce Religion


You were on level 3 of the Dungeon.
You worshipped Makhleb.
Makhleb was aware of your devotion.
You visited 1 branch of the dungeon, and saw 3 of its levels.

You collected 84 gold pieces.

Inventory:

Hand Weapons
 a - a +0 long sword (weapon)
Armour
 b - a +0 scale mail (worn)
 c - a +0 buckler (worn)


   Skills:
 - Level 2.4 Fighting
 + Level 3.6 Long Blades
 - Level 2.4 Armour
 - Level 2.4 Shields


You had 2 spell levels left.
You didn't know any spells.
Your spell library was empty.

Dungeon Overview and Level Annotations

Branches:
Dungeon (3/15)

Altars:
Makhleb


Innate Abilities, Weirdness & Mutations

You are partially covered in iridescent scales. (AC +2)
You tend to lose your temper in combat.
Your spells are a little harder to cast, but a little more powerful.


Message History

The orc wizard flickers and vanishes!
Deactivating autopickup; reactivate with Ctrl-A.
The orc hits you but does no damage.
You slash the orc!
You kill the orc!
Makhleb accepts your kill. The adder closely misses you.
You completely miss the adder.
The adder bites you but does no damage. x2
It was a potion of attraction.
You feel attractive to monsters. The adder bites you.
You are poisoned.
The adder poisons you!
It was a potion of mutation.
You feel extremely strange.
You feel less in control of your magic.
You feel a little pissed off.
Iridescent scales grow over part of your body.
You feel sick. The adder barely misses you.
You miss the adder.
You feel sick.
The adder bites you but does no damage. x2
You closely miss the adder.
You feel sick. The adder bites you but does no damage. The adder bites you.
* * * LOW HITPOINT WARNING * * *
You slash the adder!
The adder is severely wounded.
* * * LOW HITPOINT WARNING * * *
You feel sick. The adder barely misses you. x2
You barely miss the adder.
The adder is severely wounded.
* * * LOW HITPOINT WARNING * * *
You feel sick.
You are no longer poisoned.
The adder bites you but does no damage.
You aren't carrying any potions.
You aren't carrying any scrolls.
You miss the adder.
The adder is severely wounded.
The adder closely misses you. The adder bites you but does no damage.
You miss the adder.
The adder is severely wounded.
The adder bites you.
You die...

.# .# ..#
..###
...>..
###....##
#{o.o....
#S# #@#
#.# #.#
#.# #.#
#######.#
#.......#
##.######
#.#


You could see an adder and an orc.

Vanquished Creatures
  An adder (D:3)
  A dart slug (D:1)
  2 orcs (D:3)
  4 endoplasms (D:2)
  A giant cockroach (D:1)
  5 goblins
  3 hobgoblins
  2 quokkas (D:1)
  3 ball pythons (D:1)
  5 bats
  A frilled lizard (D:1)
  2 kobolds (D:1)
  2 rats
32 creatures vanquished.

Notes
Turn   | Place    | Note
-------+----------+-------------------------------------------
     0 | D:1      | ghwc the Deep Elf Fighter began the quest for the Orb.
     0 | D:1      | Reached XP level 1. HP: 13/13 MP: 3/3
    52 | D:1      | Reached skill level 2 in Long Blades
   341 | D:1      | Reached XP level 2. HP: 18/18 MP: 4/4
   412 | D:1      | Found a faded altar of an unknown god.
   440 | D:1      | Prayed at the altar of an unknown god.
   440 | D:1      | Became a worshipper of Makhleb the Destroyer
   440 | D:1      | Reached * piety under Makhleb
   822 | D:1      | Reached skill level 3 in Long Blades
  1013 | D:2      | Found a burning altar of Makhleb.
  1289 | D:2      | Reached XP level 3. HP: 20/22 MP: 5/5
  1664 | D:3      | Gained mutation: Your spells are a little harder to cast,
                  | but a little more powerful. [potion of mutation]
  1664 | D:3      | Gained mutation: You tend to lose your temper in combat.
                  | [potion of mutation]
  1664 | D:3      | Gained mutation: You are partially covered in iridescent
                  | scales. (AC +2) [potion of mutation]
  1668 | D:3      | HP: 1/22 [poisoned by an adder]
  1670 | D:3      | Slain by an adder

Illustrated notes

Levels and vault maps discovered:
D:1:      giann_bridges, layout_basic, hellmonk_ecumenical_altar_leap_of_faith
D:2:      layout_loops_cross, basic_altar
D:3:      layout_basic, mainiacjoe_overflow_alcove_1,
          hangedman_abyss_or_decor_stabs, minmay_misc_feat_secret_circle,
          uniq_jessica

Skill      XL: |  1  2 |
---------------+-------+-----
Long Blades    | 2 3 |  3.6
Fighting       | |  2.4
Armour         | |  2.4
Shields        | |  2.4

Action                   || total
-------------------------++-------
Melee: Long sword        ||   124
  Use: Potion            ||     3
       Scroll            ||     2
Armor: Scale mail        ||    82
Dodge: Dodged            ||    58
Block: Buckler           ||    28
